 Dungeon Crawl Stone Soup version 0.31-a0-185-g9dded2c639 (webtiles) character file.

Game seed: 10402314480897198710

67 qw the Shooter (level 3, -1/20 HPs)
             Began as a Deep Elf Hunter on June 22, 2023.
             Slain by an orc
             ... wielding a +1 vampiric hand axe
              (2 damage)
             ... on level 3 of the Dungeon.
             The game lasted 00:00:32 (1162 turns).

qw the Shooter (Deep Elf Hunter)                    Turns: 1162, Time: 00:00:32

Health: -1/20      AC:  5    Str: 10    XL:     3   Next: 98%
Magic:  5/5        EV: 11    Int: 13    God:
Gold:   120        SH:  0    Dex: 18    Spells: 2/2 levels left

rFire   . . .        Y - +0 shortbow
rCold   . . .        (shield currently unavailable)
rNeg    . . .        f - +0 ring mail
rPois   .            (no helmet)
rElec   .            (no cloak)
rCorr   .            (no gloves)
SInv    .            (no boots)
Will    .....        (no amulet)
Stlth   +            (no ring)
HPRegen 0.23/turn    (no ring)
MPRegen 0.09/turn

%: no passive effects
@: no status effects
A: no striking features
a: no special abilities


You were on level 3 of the Dungeon.
You visited 1 branch of the dungeon, and saw 3 of its levels.

You collected 120 gold pieces.


   Skills:
 - Level 1.5 Fighting
 + Level 7.4 Ranged Weapons
 - Level 2.4 Dodging
 - Level 1.2 Stealth


You had 2 spell levels left.
You didn't know any spells.
Your spell library was empty.

Inventory:

Hand Weapons
 Y - a +0 shortbow (weapon)
Armour
 f - a +0 ring mail (worn)
Scrolls
 d - a scroll of blinking {unknown}
Potions
 a - a potion of mutation {unknown}
 b - a potion of attraction {unknown}
 c - a potion of degeneration {unknown}
 e - a potion of magic {unknown}

Dungeon Overview and Level Annotations

Branches:
Dungeon (3/15)

Altars:


Message History

You shoot an arrow. The arrow hits the giant cockroach.
The giant cockroach is moderately wounded.
An orc comes into view. It is wielding a +1 dagger of draining.
The giant cockroach barely misses you.
You shoot an arrow. The orc shouts!
The arrow hits the giant cockroach but does no damage.
The giant cockroach is moderately wounded.
The giant cockroach bites you but does no damage.
You shoot an arrow. The arrow hits the giant cockroach.
The giant cockroach is severely wounded.
The giant cockroach closely misses you.
A ball python comes into view.
The giant cockroach closely misses you. The orc hits you but does no damage.
You shoot an arrow. The ball python hisses angrily.
The arrow hits the giant cockroach.
You kill the giant cockroach!
The orc priest hits you with a +0 dagger.
The orc closely misses you.
You shoot an arrow. The arrow hits the orc priest.
The orc priest is moderately wounded.
The orc hits you with a +0 dagger.
The orc priest hits you with a +0 dagger.
The orc barely misses you.
You shoot an arrow. The arrow hits the orc priest.
The orc priest is heavily wounded.
The orc hits you with a +0 dagger. The orc priest barely misses you.
The orc hits you with a +1 vampiric hand axe.
You shoot an arrow. The arrow barely misses the orc priest.
The orc priest barely misses you.
The orc hits you with a +1 vampiric hand axe.
The orc completely misses you.
You shoot an arrow. The arrow hits the orc priest.
The orc priest is almost dead.
The orc barely misses you. The orc priest closely misses you.
The orc hits you with a +1 vampiric hand axe.
The orc priest begins to cast a cantrip, but forgets the words!
The orc hits you with a +1 vampiric hand axe.
You die...

.......).#
...........#
#..........# .
#........<.# ..
#..........# ...
#..........# ....
#.........# .....
###.........##).....
#...........@oo.....
#.....####+#oo......
#.....# #S.......
#.....# #.?...###
####### ......#
#.....# ......#
......#


You could see an orc priest, 3 orcs and a ball python.

Vanquished Creatures
  3 adders (D:2)
  2 dart slugs (D:1)
  2 orcs (D:3)
  4 bats (D:2)
  4 endoplasms
  2 giant cockroaches
  3 hobgoblins
  2 frilled lizards
  7 goblins
  A kobold (D:2)
  3 rats
33 creatures vanquished.

Notes
Turn   | Place    | Note
-------+----------+-------------------------------------------
     0 | D:1      | qw the Deep Elf Hunter began the quest for the Orb.
     0 | D:1      | Reached XP level 1. HP: 12/12 MP: 3/3
     0 | D:1      | 0 ||| qw: Version: 0.3-a-9-g12657ce
     0 | D:1      | 0 ||| qw: Game counter: 1756
     0 | D:1      | 0 ||| qw: Always use a shield: true
     0 | D:1      | 0 ||| qw: God list: Okawaru
     0 | D:1      | 0 ||| qw: Allow faded altars: false
     0 | D:1      | 0 ||| qw: Do Orc after D:15 true
     0 | D:1      | 0 ||| qw: Do second Lair branch before Depths: true
     0 | D:1      | 0 ||| qw: Lair rune preference: random
     0 | D:1      | 0 ||| qw: Plans: Normal
     0 | D:1      | 0 ||| PLANNING D:1-11
   197 | D:1      | Reached XP level 2. HP: 16/16 MP: 4/4
   267 | D:1      | Reached skill level 6 in Ranged Weapons
   713 | D:1      | 713 ||| UPGRADING to +0 ring mail.
   723 | D:1      | 723 ||| DROPPING +0 leather armour.
   724 | D:1      | 724 ||| READING scroll labelled NOJISHR NIACEA.
   725 | D:1      | 725 ||| READING scroll labelled EMEHOFR LETRYA.
   730 | D:1      | 730 ||| DROPPING scroll of butterflies.
   765 | D:2      | Reached XP level 3. HP: 19/20 MP: 5/5
   933 | D:2      | 933 ||| READING 2 scrolls labelled MEN FOPLECSOEQ.
   934 | D:2      | 934 ||| READING scroll labelled FIURHI IKORAG.
   935 | D:2      | 935 ||| DROPPING scroll of noise.
   954 | D:2      | Reached skill level 7 in Ranged Weapons
  1077 | D:2      | 1077 ||| READING scroll labelled XEIRAPL RAIZXU.
  1095 | D:3      | 1095 ||| STAIRDANCE
  1161 | D:3      | HP: 2/20 [orc/+1 vampiric hand axe (5)]
  1162 | D:3      | Slain by an orc

Levels and vault maps discovered:
D:1:      psy_arrival_heroes, layout_basic
D:2:      layout_rooms, grunt_decor_cap
D:3:      wander_river, layout_basic

Skill      XL: |  1  2  3 |
---------------+----------+-----
Ranged Weapons | 6 7 |  7.4
Fighting       | |  1.5
Dodging        | |  2.4
Stealth        | |  1.2

Action                     || total
---------------------------++-------
   Fire: Shortbow          ||   105
    Use: Scroll            ||     5
 Armour: Ring mail         ||    22
  Dodge: Dodged            ||    38

Table legend:
 A = Non-vault XP
 B = Vault XP
 C = Vault XP percentage of total XP
 D = Non-vault monster count
 E = Vault monster count
 F = Vault count percentage of total count
                 A         B        C        D         E       F
            +---------+---------+-------+---------+---------+-------
      Total |      96 |       0 |   0.0 |      33 |       0 |   0.0
            +---------+---------+-------+---------+---------+-------
        D:1 |      22 |       0 |   0.0 |      11 |       0 |   0.0
        D:2 |      64 |       0 |   0.0 |      18 |       0 |   0.0
        D:3 |      10 |       0 |   0.0 |       4 |       0 |   0.0
            +---------+---------+-------+---------+---------+-------
